 Dungeon Crawl Stone Soup version 0.23.1 (webtiles) character file.

Game seed: 1083656189407869053

79 vishdafish the Covered (level 4, -1/40 HPs)
             Began as a Minotaur Fighter on Mar 16, 2019.
             Slain by a gnoll
             ... wielding a +0 flail
              (6 damage)
             ... on level 3 of the Dungeon.
             The game lasted 00:01:54 (1477 turns).

vishdafish the Covered (Minotaur Fighter)           Turns: 1477, Time: 00:01:55

Health: -1/40      AC:  9    Str: 26    XL:     4   Next: 16%
Magic:  3/3        EV:  7    Int:  5    God:
Gold:   72         SH: 10    Dex: 10    Spells: 3/3 levels left

rFire    . . .     SeeInvis .   a - +0 war axe
rCold    . . .     Gourm    .   c - +0 shield
rNeg     . . .     Faith    .   b - +0 scale mail
rPois    .         Spirit   .   (helmet restricted)
rElec    .         Reflect  .   (no cloak)
rCorr    .         Harm     .   n - +0 pair of gloves
MR       .....                  h - +0 pair of boots
Stlth    ..........             m - amulet of regeneration
HPRegen  0.53/turn              p - ring of attention (curse)
MPRegen  0.08/turn              (no ring)

@: mighty, lethally poisoned (-1 -> -4), drained
A: retaliatory headbutt, horns 2
a: no special abilities


You were on level 3 of the Dungeon.
You were hungry.

You visited 1 branch of the dungeon, and saw 3 of its levels.

You collected 72 gold pieces.

Inventory:

Hand Weapons
 a - a +0 war axe (weapon)
Armour
 b - a +0 scale mail (worn)
 c - a +0 shield (worn)
 h - a +0 pair of boots (worn)
 n - a +0 pair of gloves (worn)
Jewellery
 m - an amulet of regeneration (around neck)
 p - a cursed ring of attention (left hand)
Scrolls
 e - 2 scrolls of teleportation {unknown}
 g - a scroll of identify {unknown}
 j - a scroll of remove curse {unknown}
 k - 4 scrolls of enchant weapon {unknown}
 q - a scroll of random uselessness {unknown}
Potions
 i - 2 potions of curing {unknown}
 l - a potion of lignification {unknown}
 o - a potion of invisibility {unknown}
Comestibles
 f - 4 rations


   Skills:
 - Level 4.0(3.3) Fighting
 * Level 3.5(2.8) Axes
 + Level 4.5(3.7) Armour
 - Level 0.2(0.0) Dodging
 + Level 4.3(3.6) Shields


You had 3 spell levels left.
You didn't know any spells.
Your spell library was empty.

Dungeon Overview and Level Annotations

Branches:
Dungeon (3/15)

Altars:
Vehumet


Innate Abilities, Weirdness & Mutations

You reflexively headbutt those who attack you in melee.
You have a pair of horns on your head.


Message History

You hit the gnoll but do no damage. You hit the gnoll.
You feel sick. You block the gnoll's attack. x2
The gnoll hits you with a +2 flail of draining.
You feel drained.
Unknown command.
You are too injured to fight recklessly!
Unknown command.
You are too injured to fight recklessly!
You are too injured to fight recklessly!
You feel very mighty all of a sudden.
You feel sick. The gnoll hits you with a +0 flail.
* * * LOW HITPOINT WARNING * * *
The gnoll hits you but does no damage.
The gnoll hits you with a +2 flail of draining.
* * * LOW HITPOINT WARNING * * *
You feel drained.
You slash the gnoll!
You kill the gnoll!
You hit the gnoll.
You feel sick. The gnoll hits you with a +0 flail.
You die...

#.# #........)#...
###'###................
#......................
#......................
#.........#.#...#...#..
#.........(............
#..........(........#..
###+###.##..........#..
........((@)......
#####.......gg.....
#...#.........#
#.......##..#.#
#.......# ..# .
#........ .# #.......##
. ####....# ..


You could see 2 gnolls.

Vanquished Creatures
  Terence (D:3)
  A gnoll (D:3)
  2 dart slugs (D:1)
  2 giant cockroaches (D:1)
  2 goblins (D:1)
  7 hobgoblins
  7 kobolds
  2 quokkas (D:2)
  A ball python (D:3)
  4 bats
  3 frilled lizards
  7 rats
39 creatures vanquished.

Notes
Turn   | Place    | Note
-------+----------+-------------------------------------------
     0 | D:1      | vishdafish the Minotaur Fighter began the quest for the
                  | Orb.
     0 | D:1      | Reached XP level 1. HP: 19/19 MP: 0/0
    76 | D:1      | Reached XP level 2. HP: 27/27 MP: 1/1
   701 | D:1      | Reached XP level 3. HP: 32/33 MP: 2/2
  1319 | D:2      | Found a radiant altar of Vehumet.
  1425 | D:3      | Noticed Terence
  1432 | D:3      | Killed Terence
  1472 | D:3      | Reached XP level 4. HP: 35/40 MP: 3/3
  1477 | D:3      | Slain by a gnoll

Skill      XL: |  1  2  3 |
---------------+----------+-----
Fighting       | 4 |  4.0
Armour         | 4 |  4.5
Shields        | 4 |  4.3
Axes           | 3 |  3.5
Dodging        | |  0.2

Action                   |  1- 3 |  4- 6 || total
-------------------------+-------+-------++-------
Melee: War axe           |    74 |     4 ||    78
       Headbutt          |     9 |       ||     9
  Use: Potion            |       |     1 ||     1
  Eat: Chunk             |     1 |       ||     1
Armor: Scale mail        |    31 |     3 ||    34
Dodge: Dodged            |    24 |       ||    24
Block: Shield            |    39 |     7 ||    46
